Tappara Tampere vs Tucson Roadrunners
Created - Monday, April 22, 2024 at 09:11
Goals
|
| Tappara Tampere |
0 |
2 |
1 |
1 |
4 |
| Tucson Roadrunners |
0 |
1 |
2 |
0 |
3 |
|
Shots
|
| Tappara Tampere |
12 |
12 |
7 |
1 |
32 |
| Tucson Roadrunners |
8 |
5 |
14 |
1 |
28 |
|
1st period
No Goal
Penalties :
Kiefer Sherwood (TAP) for Roughing (Minor) at 0:48, Fabian Lysell (TRR) for High sticking (Minor) at 3:57, Nick Seeler (TRR) for Holding Stick (Minor) at 7:45, Andy Andreoff (TAP) for Tripping (Minor) at 14:02
2nd period
1. Tappara Tampere , Mattias Janmark 13 (Stefan Noesen 35, Calvin De Haan 15) at 4:08
2. Tucson Roadrunners , Logan Shaw 25 (Nicolas Petan 37, Alex Belzile 19) at 11:11 (PP)
3. Tappara Tampere , Logan O'Connor 18 (Kent Johnson 35, Anders Bjork 27) at 16:03
Penalties :
Nicolas Petan (TRR) for Tripping (Minor) at 4:55, Logan O'Connor (TAP) for Hooking (Minor) at 11:00, Anders Bjork (TAP) for Hooking (Minor) at 11:55
3rd period
4. Tappara Tampere , Rocco Grimaldi 22 (Kiefer Sherwood 22, Calvin De Haan 16) at 7:43
5. Tucson Roadrunners , Mark Jankowski 22 (Logan Shaw 21, Nicolas Petan 38) at 11:50
6. Tucson Roadrunners , Benjamin Jones 15 (Anthony Richard 22) at 13:02
Penalties :
Nick Seeler (TRR) for Cross-checking (Minor) at 0:54, Robert Hagg (TRR) for High sticking (Minor) at 7:46, Johnathan Kovacevic (TRR) for Holding (Minor) at 18:21
Overtime #1
7. Tappara Tampere , Stefan Noesen 37 (Alex Goligoski 17) at 1:09
Penalties :
No Penalty
Goalie Stats
Petr Mrazek (TAP), 25 saves from 28 shots - (0.893), W, 16-8-3, 61:09 minutes
Elvis Merzlikins (TRR), 28 saves from 32 shots - (0.875), OTL, 26-13-3, 61:09 minutes
Players Stats for Tappara Tampere
Player Name G A P +/- PIM S H SB GA TA FO MP PP MP PK MP
------------------------------------------------------------------------------------
Alex Goligoski 0 1 1 2 0 2 1 2 0 1 0/0 23:23 5:51 2:56
Anders Bjork 0 1 1 0 2 4 2 0 0 0 0/2 18:49 5:45 2:00
Andreas Englund 0 0 0 -1 0 0 1 1 0 1 0/0 18:01 0:00 2:56
Andrew Poturalski 0 0 0 1 0 0 3 0 0 0 2/4 10:58 0:00 0:00
Andy Andreoff 0 0 0 1 2 1 3 1 0 1 4/12 16:44 5:47 0:00
Calvin De Haan 0 2 2 -1 0 0 1 0 0 0 0/0 14:25 0:00 0:12
Jan Rutta 0 0 0 1 0 1 2 2 1 1 0/0 23:21 5:42 3:00
John Klingberg 0 0 0 1 0 1 0 0 0 1 0/0 20:47 5:42 0:00
Kent Johnson 0 1 1 0 0 1 2 0 0 0 7/17 18:07 5:45 0:35
Kiefer Sherwood 0 1 1 1 2 1 3 0 0 1 0/0 12:22 0:01 0:57
Logan O'Connor 1 0 1 0 2 4 2 0 1 0 1/6 20:29 5:45 2:57
Lukas Svejkovsky 0 0 0 -1 0 1 0 0 0 0 0/0 9:38 0:10 0:00
Mattias Janmark 1 0 1 1 0 5 0 1 0 0 0/0 19:05 5:38 2:43
Mattias Samuelsson 0 0 0 2 0 1 1 6 1 0 0/0 22:21 5:51 3:12
Phillip Di Giuseppe 0 0 0 0 0 2 2 1 0 1 0/0 9:22 0:00 0:00
Rocco Grimaldi 1 0 1 1 0 3 3 0 1 0 0/0 11:49 0:10 0:09
Stefan Noesen 1 1 2 2 0 4 3 1 1 0 1/5 19:47 5:38 2:55
William Eklund 0 0 0 -1 0 1 1 0 0 0 0/2 8:56 0:00 0:00
Players Stats for Tucson Roadrunners
Player Name G A P +/- PIM S H SB GA TA FO MP PP MP PK MP
------------------------------------------------------------------------------------
Alex Belzile 0 1 1 -2 0 1 2 0 0 0 5/7 19:05 3:03 5:20
Anthony Richard 0 1 1 0 0 0 1 1 0 0 0/0 11:02 0:19 0:00
Benjamin Jones 1 0 1 0 0 5 2 0 0 0 1/3 11:02 0:19 0:00
Carson Soucy 0 0 0 0 0 1 1 0 0 0 0/0 24:09 3:02 6:30
Fabian Lysell 0 0 0 -1 2 1 0 1 2 0 0/0 9:02 0:19 0:00
Johnathan Kovacevic 0 0 0 0 2 1 1 1 0 0 0/0 21:56 3:02 4:46
Logan Shaw 1 1 2 -1 0 1 1 0 0 0 0/0 13:18 3:03 0:00
Marian Studenic 0 0 0 -1 0 0 0 0 0 0 0/0 8:43 0:00 0:00
Mark Jankowski 1 0 1 0 0 3 2 0 1 0 15/19 20:28 2:46 5:26
Matt Nieto 0 0 0 1 0 4 0 1 0 0 2/4 21:35 2:46 5:50
Nick Seeler 0 0 0 -1 4 2 6 0 0 0 0/0 23:06 3:06 3:37
Nicolas Petan 0 2 2 -1 2 1 1 0 0 0 1/1 13:34 3:03 0:13
Robert Hagg 0 0 0 -1 2 0 1 1 0 2 0/0 23:08 3:06 4:23
Ronan Seeley 0 0 0 -1 0 1 1 0 1 1 0/0 13:46 0:00 0:26
Samuel Knazko 0 0 0 -1 0 0 2 0 0 2 0/0 16:48 0:00 4:06
Scott Reedy 0 0 0 -1 0 0 0 0 1 0 2/4 8:43 0:00 0:00
Walker Duehr 0 0 0 0 0 0 1 1 2 0 0/0 11:36 0:00 0:33
William Carrier 0 0 0 1 0 7 0 1 0 0 7/10 21:35 2:46 6:05
3 Stars
1 - Stefan Noesen (TAP)
2 - Rocco Grimaldi (TAP)
3 - Mattias Janmark (TAP)
Power Play
Tappara Tampere - 0 on 6 Attempt(s) - 0.00%
Tucson Roadrunners - 1 on 4 Attempt(s) - 25.00%
Penalty Kill
Tappara Tampere - 3 on 4 Attempt(s) - 75.00%
- Score 0 goal in Penalty Kill
Tucson Roadrunners - 6 on 6 Attempt(s) - 100.00%
- Score 0 goal in Penalty Kill
Team Stat
Tappara Tampere - Hits : 30 - Faceoff Wins : 15 - Blocked Shots : 15 - Penalty Minutes : 8
Tucson Roadrunners - Hits : 22 - Faceoff Wins : 33 - Blocked Shots : 7 - Penalty Minutes : 12
Official
Referees : Kevin Pollock and Dan O'Halloran
Linesman : Lonnie Cameron and Derek Amell
Game Notes
No Game Note
Tappara Tampere
5 vs 5 Forward
Center Left Wing Right Wing Time % Phy DF OF
1 Andy Andreoff Stefan Noesen Mattias Janmark 31 1 2 2
2 Kent Johnson Logan O'Connor Anders Bjork 31 1 2 2
3 Andrew Poturalski Rocco Grimaldi Kiefer Sherwood 28 1 2 2
4 William Eklund Phillip Di Giuseppe Lukas Svejkovsky 10 1 2 2
5 vs 5 Defense
Defense Defense Time % Phy DF OF
1 John Klingberg Jan Rutta 34 1 3 1
2 Mattias Samuelsson Alex Goligoski 33 1 3 1
3 Calvin De Haan Andreas Englund 33 2 2 1
4 John Klingberg Jan Rutta 0 1 2 2
PowerPlay Forward
Center Left Wing Right Wing Time % Phy DF OF
1 Andy Andreoff Stefan Noesen Mattias Janmark 50 1 2 2
2 Kent Johnson Logan O'Connor Anders Bjork 50 1 2 2
PowerPlay Defense
Defense Defense Time % Phy DF OF
1 John Klingberg Jan Rutta 50 1 2 2
2 Mattias Samuelsson Alex Goligoski 50 1 2 2
Penalty Kill 4 Players Forward
Center Wing Time % Phy DF OF
1 Stefan Noesen Mattias Janmark 50 1 3 1
2 Logan O'Connor Anders Bjork 50 2 2 1
Penalty Kill 4 Players Defense
Defense Defense Time % Phy DF OF
1 Mattias Samuelsson Jan Rutta 50 2 2 1
2 Andreas Englund Alex Goligoski 50 2 2 1
Penalty Kill - 3 Players Forward
Forward Time % Phy DF OF
1 Stefan Noesen 50 1 3 1
2 Mattias Janmark 50 1 3 1
Penalty Kill - 3 Players Defense
Defense Defense Time % Phy DF OF
1 Mattias Samuelsson Jan Rutta 50 2 2 1
2 Andreas Englund Alex Goligoski 50 2 2 1
4 vs 4 Forward
Center Wing Time % Phy DF OF
1 Stefan Noesen Phillip Di Giuseppe 50 1 2 2
2 Logan O'Connor Kent Johnson 50 1 2 2
4 vs 4 Defense
Defense Defense Time % Phy DF OF
1 John Klingberg Jan Rutta 50 1 2 2
2 Mattias Samuelsson Alex Goligoski 50 1 2 2
Last Minutes Offensive
Center Left Wing Right Wing Defense Defense
Andy Andreoff Phillip Di Giuseppe Stefan Noesen John Klingberg Mattias Samuelsson
Last Minutes Defensive
Center Left Wing Right Wing Defense Defense
Andy Andreoff Stefan Noesen Mattias Janmark Jan Rutta Mattias Samuelsson
Goaltenders
Starting : Petr Mrazek
Backup : Charlie Lindgren
Extra Forwards
Normal : Kent Johnson, Rocco Grimaldi, Kiefer Sherwood - PP : Lukas Svejkovsky, Rocco Grimaldi - PK : Kiefer Sherwood
Extra Defensemen
Normal : Calvin De Haan, John Klingberg, Mattias Samuelsson - PP : Calvin De Haan - PK : Andreas Englund, Mattias Samuelsson
Penalty Shots
Stefan Noesen, Mattias Janmark, Logan O'Connor, Anders Bjork, Andy Andreoff
Tucson Roadrunners
5 vs 5 Forward
Center Left Wing Right Wing Time % Phy DF OF
1 Mark Jankowski William Carrier Matt Nieto 35 1 1 3
2 Alex Belzile Nicolas Petan Logan Shaw 30 1 2 2
3 Benjamin Jones Anthony Richard Walker Duehr 25 1 2 2
4 Scott Reedy Marian Studenic Fabian Lysell 10 1 2 2
5 vs 5 Defense
Defense Defense Time % Phy DF OF
1 Carson Soucy Johnathan Kovacevic 35 1 2 2
2 Robert Hagg Nick Seeler 35 1 2 2
3 Ronan Seeley Samuel Knazko 25 1 2 2
4 Carson Soucy Johnathan Kovacevic 5 1 2 2
PowerPlay Forward
Center Left Wing Right Wing Time % Phy DF OF
1 Mark Jankowski William Carrier Matt Nieto 50 1 1 3
2 Alex Belzile Nicolas Petan Logan Shaw 50 1 1 3
PowerPlay Defense
Defense Defense Time % Phy DF OF
1 Carson Soucy Johnathan Kovacevic 50 1 1 3
2 Robert Hagg Nick Seeler 50 1 1 3
Penalty Kill 4 Players Forward
Center Wing Time % Phy DF OF
1 William Carrier Matt Nieto 50 1 3 1
2 Mark Jankowski Alex Belzile 50 1 3 1
Penalty Kill 4 Players Defense
Defense Defense Time % Phy DF OF
1 Carson Soucy Johnathan Kovacevic 50 1 3 1
2 Robert Hagg Nick Seeler 50 1 3 1
Penalty Kill - 3 Players Forward
Forward Time % Phy DF OF
1 William Carrier 50 1 3 1
2 Matt Nieto 50 1 3 1
Penalty Kill - 3 Players Defense
Defense Defense Time % Phy DF OF
1 Carson Soucy Johnathan Kovacevic 50 1 3 1
2 Robert Hagg Nick Seeler 50 1 3 1
4 vs 4 Forward
Center Wing Time % Phy DF OF
1 William Carrier Matt Nieto 50 1 1 3
2 Mark Jankowski Alex Belzile 50 1 1 3
4 vs 4 Defense
Defense Defense Time % Phy DF OF
1 Carson Soucy Johnathan Kovacevic 50 1 1 3
2 Robert Hagg Nick Seeler 50 1 1 3
Last Minutes Offensive
Center Left Wing Right Wing Defense Defense
Mark Jankowski William Carrier Matt Nieto Carson Soucy Johnathan Kovacevic
Last Minutes Defensive
Center Left Wing Right Wing Defense Defense
Mark Jankowski William Carrier Matt Nieto Carson Soucy Johnathan Kovacevic
Goaltenders
Starting : Elvis Merzlikins
Backup : Kaapo Kahkonen
Extra Forwards
Normal : Anthony Richard, Benjamin Jones, Walker Duehr - PP : Anthony Richard, Benjamin Jones - PK : Walker Duehr
Extra Defensemen
Normal : Ronan Seeley, Samuel Knazko, Robert Hagg - PP : Ronan Seeley - PK : Samuel Knazko, Robert Hagg
Penalty Shots
William Carrier, Matt Nieto, Mark Jankowski, Alex Belzile, Logan Shaw
% Time on Ice - Tappara Tampere
Lines # - Real PCT - Wanted PCT - Time Play
Normal Forward
1 - 27% - 31% - 11:20
2 - 26% - 31% - 11:05
3 - 26% - 28% - 10:58
4 - 21% - 10% - 8:56
Normal Defense
1 - 34% - 34% - 14:16
2 - 33% - 33% - 13:50
3 - 34% - 33% - 14:13
4 - 0% - 0% - 0:00
PP Forward
1 - 50% - 50% - 5:48
2 - 50% - 50% - 5:45
PP Defense
1 - 49% - 50% - 5:42
2 - 51% - 50% - 5:51
PK Forward
1 - 47% - 50% - 2:52
2 - 53% - 50% - 3:16
PK Defense
1 - 52% - 50% - 3:12
2 - 48% - 50% - 2:56
PK3 Forward
1 - 0% - 50%
2 - 0% - 50%
PK3 Defense
1 - 0% - 50%
2 - 0% - 50%
44 Forward
1 - 38% - 50% - 0:26
2 - 62% - 50% - 0:43
44 Defense
1 - 33% - 50% - 0:23
2 - 67% - 50% - 0:46
Last Minute Offensive - 0:00
Last Minute Defensive - 0:00
Total
Forward - 61:09
Defense - 61:09
|
% Time on Ice - Tucson Roadrunners
Lines # - Real PCT - Wanted PCT - Time Play
Normal Forward
1 - 29% - 35% - 12:18
2 - 25% - 30% - 10:36
3 - 25% - 25% - 10:42
4 - 21% - 10% - 8:43
Normal Defense
1 - 33% - 35% - 13:56
2 - 38% - 35% - 15:59
3 - 29% - 25% - 12:24
4 - 0% - 5% - 0:00
PP Forward
1 - 50% - 50% - 3:05
2 - 50% - 50% - 3:03
PP Defense
1 - 49% - 50% - 3:02
2 - 51% - 50% - 3:06
PK Forward
1 - 51% - 50% - 5:55
2 - 49% - 50% - 5:38
PK Defense
1 - 49% - 50% - 5:43
2 - 51% - 50% - 5:50
PK3 Forward
1 - 95% - 50% - 0:20
2 - 5% - 50% - 0:01
PK3 Defense
1 - 100% - 50% - 0:21
2 - 0% - 50% - 0:00
44 Forward
1 - 56% - 50% - 0:27
2 - 44% - 50% - 0:21
44 Defense
1 - 27% - 50% - 0:13
2 - 73% - 50% - 0:35
Last Minute Offensive - 0:00
Last Minute Defensive - 0:00
Total
Forward - 61:09
Defense - 61:09
|
Play-by-Play
1st period
0:01 of 1st period - Mark Jankowski wins face-off versus Andy Andreoff in neutral zone.
0:09 of 1st period - Snap shot by Stefan Noesen.
0:09 of 1st period - Stopped by Elvis Merzlikins with a rebound.
0:31 of 1st period - Snap shot by Matt Nieto.
0:31 of 1st period - Shot Misses the Net.
0:48 of 1st period - Minor Penalty to Kiefer Sherwood for Roughing.
0:49 of 1st period - Alex Belzile wins face-off versus Stefan Noesen in Tappara Tampere zone.
2:05 of 1st period - Carson Soucy is hit by Stefan Noesen and loses puck.
2:18 of 1st period - Mattias Samuelsson is hit by Nicolas Petan and loses puck.
2:48 of 1st period - Penalty to Kiefer Sherwood is over, Kiefer Sherwood is back on ice.
2:55 of 1st period - Samuel Knazko is hit by Alex Goligoski and loses puck.
3:22 of 1st period - Ronan Seeley is hit by Kiefer Sherwood and loses puck.
3:41 of 1st period - Wrist shot by Fabian Lysell.
3:41 of 1st period - Deflect By Marian Studenic.
3:41 of 1st period - Shot Misses the Net.
3:41 of 1st period - Puck is out of play.
3:42 of 1st period - Kent Johnson wins face-off versus Scott Reedy in Tappara Tampere zone.
3:49 of 1st period - Wrist shot by Anders Bjork.
3:49 of 1st period - Stopped by Elvis Merzlikins with a rebound.
3:51 of 1st period - Slapshot by John Klingberg.
3:51 of 1st period - Deflect By Johnathan Kovacevic.
3:51 of 1st period - Stopped by Elvis Merzlikins with a rebound.
3:57 of 1st period - Minor Penalty to Fabian Lysell for High sticking.
3:58 of 1st period - William Carrier wins face-off versus Andy Andreoff in Tucson Roadrunners zone.
5:21 of 1st period - Stefan Noesen is hit by Nick Seeler.
5:57 of 1st period - Penalty to Fabian Lysell is over, Fabian Lysell is back on ice.
6:02 of 1st period - Benjamin Jones is hit by Rocco Grimaldi and loses puck.
6:50 of 1st period - Slapshot by Phillip Di Giuseppe.
6:50 of 1st period - Stopped by Elvis Merzlikins with a rebound.
7:16 of 1st period - Jan Rutta is hit by Johnathan Kovacevic and loses puck.
7:31 of 1st period - Kiefer Sherwood is hit by Nick Seeler and loses puck.
7:45 of 1st period - Minor Penalty to Nick Seeler for Holding Stick.
7:46 of 1st period - William Carrier wins face-off versus Kent Johnson in Tucson Roadrunners zone.
8:21 of 1st period - Matt Nieto is hit by Stefan Noesen and loses puck.
9:45 of 1st period - Penalty to Nick Seeler is over, Nick Seeler is back on ice.
10:10 of 1st period - Icing by Calvin De Haan.
10:11 of 1st period - Scott Reedy wins face-off versus William Eklund in Tappara Tampere zone.
11:08 of 1st period - Snap shot by Mark Jankowski.
11:08 of 1st period - Stopped by Petr Mrazek with a rebound.
11:10 of 1st period - Snap shot by Matt Nieto.
11:10 of 1st period - Stopped by Petr Mrazek with a rebound.
11:17 of 1st period - Icing by Mattias Samuelsson.
11:18 of 1st period - Andy Andreoff wins face-off versus Alex Belzile in Tappara Tampere zone.
11:28 of 1st period - Icing by Stefan Noesen.
11:29 of 1st period - Andy Andreoff wins face-off versus Mark Jankowski in Tappara Tampere zone.
11:29 of 1st period - Andy Andreoff is hit by Mark Jankowski.
11:45 of 1st period - Slapshot by Mattias Janmark.
11:45 of 1st period - Shot Misses the Net.
12:19 of 1st period - Snap shot by Anders Bjork.
12:19 of 1st period - Stopped by Elvis Merzlikins with a rebound.
12:21 of 1st period - Slapshot by Anders Bjork.
12:21 of 1st period - Shot Hit the Post.
12:23 of 1st period - Snap shot by Mattias Samuelsson.
12:23 of 1st period - Stopped by Elvis Merzlikins with a rebound.
12:25 of 1st period - Slapshot by Logan O'Connor.
12:25 of 1st period - Shot Misses the Net.
12:43 of 1st period - Wrist shot by Kiefer Sherwood.
12:43 of 1st period - Stopped by Elvis Merzlikins with a rebound.
12:45 of 1st period - Slapshot by Jan Rutta.
12:45 of 1st period - Stopped by Elvis Merzlikins with a rebound.
12:47 of 1st period - Snap shot by Kiefer Sherwood.
12:47 of 1st period - Shot Blocked by William Carrier.
12:49 of 1st period - Slapshot by John Klingberg.
12:49 of 1st period - Shot Blocked by Matt Nieto.
13:23 of 1st period - Jan Rutta is hit by Ronan Seeley and loses puck.
13:56 of 1st period - Snap shot by Stefan Noesen.
13:56 of 1st period - Stopped by Elvis Merzlikins without a rebound.
13:57 of 1st period - Mark Jankowski wins face-off versus Andy Andreoff in Tucson Roadrunners zone.
13:57 of 1st period - Mark Jankowski is hit by Andy Andreoff.
14:02 of 1st period - Minor Penalty to Andy Andreoff for Tripping.
14:03 of 1st period - Mark Jankowski wins face-off versus Logan O'Connor in Tappara Tampere zone.
14:07 of 1st period - Snap shot by Matt Nieto.
14:07 of 1st period - Stopped by Petr Mrazek with a rebound.
14:13 of 1st period - Snap shot by William Carrier.
14:13 of 1st period - Shot Misses the Net.
14:15 of 1st period - Slapshot by Carson Soucy.
14:15 of 1st period - Deflect By Alex Goligoski.
14:15 of 1st period - Stopped by Petr Mrazek with a rebound.
14:19 of 1st period - Backhand shot by Mark Jankowski.
14:19 of 1st period - Stopped by Petr Mrazek without a rebound.
14:20 of 1st period - Alex Belzile wins face-off versus Stefan Noesen in Tappara Tampere zone.
14:34 of 1st period - Wrist shot by Alex Belzile.
14:34 of 1st period - Shot Blocked by Mattias Samuelsson.
14:36 of 1st period - Snap shot by Logan Shaw.
14:36 of 1st period - Shot Misses the Net.
14:51 of 1st period - Anders Bjork is hit by Nick Seeler and loses puck.
15:35 of 1st period - Icing by Alex Belzile.
15:36 of 1st period - Stefan Noesen wins face-off versus Alex Belzile in Tucson Roadrunners zone.
15:37 of 1st period - Snap shot by Mattias Janmark.
15:37 of 1st period - Deflect By Johnathan Kovacevic.
15:37 of 1st period - Stopped by Elvis Merzlikins with a rebound.
16:02 of 1st period - Penalty to Andy Andreoff is over, Andy Andreoff is back on ice.
17:00 of 1st period - Snap shot by Anders Bjork.
17:00 of 1st period - Stopped by Elvis Merzlikins without a rebound.
17:01 of 1st period - Mark Jankowski wins face-off versus Kent Johnson in Tucson Roadrunners zone.
17:36 of 1st period - Johnathan Kovacevic is hit by Stefan Noesen and loses puck.
18:02 of 1st period - Anthony Richard is hit by Andrew Poturalski.
18:14 of 1st period - Slapshot by John Klingberg.
18:14 of 1st period - Shot Blocked by Walker Duehr.
18:16 of 1st period - Wrist shot by William Eklund.
18:16 of 1st period - Stopped by Elvis Merzlikins without a rebound.
18:17 of 1st period - Mark Jankowski wins face-off versus William Eklund in Tucson Roadrunners zone.
18:56 of 1st period - Alex Belzile is hit by Jan Rutta.
19:16 of 1st period - Wrist shot by Fabian Lysell.
19:16 of 1st period - Stopped by Petr Mrazek with a rebound.
19:28 of 1st period - Snap shot by William Carrier.
19:28 of 1st period - Stopped by Petr Mrazek with a rebound.
19:30 of 1st period - Snap shot by William Carrier.
19:30 of 1st period - Stopped by Petr Mrazek with a rebound.
19:32 of 1st period - Slapshot by Ronan Seeley.
19:32 of 1st period - Shot Blocked by Stefan Noesen.
19:34 of 1st period - Slapshot by William Carrier.
19:34 of 1st period - Shot Blocked by Jan Rutta.
19:58 of 1st period - Icing by Ronan Seeley.
19:59 of 1st period - Kent Johnson wins face-off versus Benjamin Jones in Tucson Roadrunners zone.
Goals for this period are 0 for Tappara Tampere vs 0 for Tucson Roadrunners.
Shots for this period are 12 for Tappara Tampere vs 8 for Tucson Roadrunners.
2nd period
0:01 of 2nd period - Alex Belzile wins face-off versus Anders Bjork in neutral zone.
1:15 of 2nd period - Wrist shot by Anthony Richard.
1:15 of 2nd period - Shot Misses the Net.
1:17 of 2nd period - Wrist shot by Benjamin Jones.
1:17 of 2nd period - Stopped by Petr Mrazek with a rebound.
1:49 of 2nd period - Stefan Noesen is hit by Robert Hagg and loses puck.
1:53 of 2nd period - Icing by Calvin De Haan.
1:54 of 2nd period - Andy Andreoff wins face-off versus Scott Reedy in Tappara Tampere zone.
2:01 of 2nd period - Slapshot by Mattias Janmark.
2:01 of 2nd period - Stopped by Elvis Merzlikins without a rebound.
2:02 of 2nd period - Kent Johnson wins face-off versus Matt Nieto in Tucson Roadrunners zone.
2:07 of 2nd period - Snap shot by Kent Johnson.
2:07 of 2nd period - Shot Misses the Net.
2:09 of 2nd period - Wrist shot by Kent Johnson.
2:09 of 2nd period - Deflect By Logan O'Connor.
2:09 of 2nd period - Stopped by Elvis Merzlikins with a rebound.
2:11 of 2nd period - Wrist shot by Anders Bjork.
2:11 of 2nd period - Shot Hit the Post.
2:13 of 2nd period - Snap shot by Logan O'Connor.
2:13 of 2nd period - Deflect By Kent Johnson.
2:13 of 2nd period - Shot Misses the Net.
2:13 of 2nd period - Puck is out of play.
2:14 of 2nd period - Nicolas Petan wins face-off versus Kent Johnson in Tucson Roadrunners zone.
2:14 of 2nd period - Nicolas Petan is hit by Anders Bjork.
3:07 of 2nd period - William Carrier is hit by Andrew Poturalski and loses puck.
3:29 of 2nd period - Snap shot by Logan Shaw.
3:29 of 2nd period - Shot Blocked by Phillip Di Giuseppe.
3:31 of 2nd period - Snap shot by Nicolas Petan.
3:31 of 2nd period - Shot Blocked by Jan Rutta.
3:33 of 2nd period - Snap shot by Johnathan Kovacevic.
3:33 of 2nd period - Shot Misses the Net.
3:45 of 2nd period - Scott Reedy is hit by Jan Rutta and loses puck.
3:54 of 2nd period - Snap shot by Anders Bjork.
3:54 of 2nd period - Deflect By Logan O'Connor.
3:54 of 2nd period - Stopped by Elvis Merzlikins with a rebound.
4:06 of 2nd period - Wrist shot by Stefan Noesen.
4:06 of 2nd period - Stopped by Elvis Merzlikins with a rebound.
4:08 of 2nd period - Snap shot by Mattias Janmark.
4:08 of 2nd period - Goal by Mattias Janmark - Tappara Tampere : 1 - Tucson Roadrunners : 0.
4:09 of 2nd period - Mark Jankowski wins face-off versus Kent Johnson in neutral zone.
4:39 of 2nd period - Wrist shot by Stefan Noesen.
4:39 of 2nd period - Shot Misses the Net.
4:41 of 2nd period - Wrist shot by Mattias Janmark.
4:41 of 2nd period - Stopped by Elvis Merzlikins with a rebound.
4:43 of 2nd period - Slapshot by Calvin De Haan.
4:43 of 2nd period - Shot Misses the Net.
4:45 of 2nd period - Snap shot by Mattias Janmark.
4:45 of 2nd period - Shot Blocked by Robert Hagg.
4:47 of 2nd period - Snap shot by Andy Andreoff.
4:47 of 2nd period - Shot Misses the Net.
4:49 of 2nd period - Snap shot by Mattias Janmark.
4:49 of 2nd period - Shot Misses the Net.
4:55 of 2nd period - Minor Penalty to Nicolas Petan for Tripping.
4:56 of 2nd period - William Carrier wins face-off versus Andy Andreoff in Tucson Roadrunners zone.
5:42 of 2nd period - John Klingberg is hit by Nick Seeler and loses puck.
6:12 of 2nd period - Johnathan Kovacevic is hit by Anders Bjork.
6:55 of 2nd period - Penalty to Nicolas Petan is over, Nicolas Petan is back on ice.
7:04 of 2nd period - Anthony Richard is hit by Andrew Poturalski.
7:32 of 2nd period - William Eklund is hit by Samuel Knazko and loses puck.
7:45 of 2nd period - Andreas Englund is hit by Alex Belzile and loses puck.
7:58 of 2nd period - Slapshot by Alex Goligoski.
7:58 of 2nd period - Stopped by Elvis Merzlikins with a rebound.
8:08 of 2nd period - Anthony Richard is hit by Phillip Di Giuseppe and loses puck.
8:17 of 2nd period - Wrist shot by Phillip Di Giuseppe.
8:17 of 2nd period - Stopped by Elvis Merzlikins with a rebound.
8:19 of 2nd period - Snap shot by Phillip Di Giuseppe.
8:19 of 2nd period - Shot Misses the Net.
8:37 of 2nd period - Wrist shot by Benjamin Jones.
8:37 of 2nd period - Shot Misses the Net.
8:39 of 2nd period - Slapshot by Nick Seeler.
8:39 of 2nd period - Shot Misses the Net.
8:41 of 2nd period - Slapshot by Nick Seeler.
8:41 of 2nd period - Stopped by Petr Mrazek without a rebound.
8:42 of 2nd period - Matt Nieto wins face-off versus Kent Johnson in Tappara Tampere zone.
9:16 of 2nd period - Snap shot by Mattias Janmark.
9:16 of 2nd period - Shot Misses the Net.
9:30 of 2nd period - Fabian Lysell is hit by Kiefer Sherwood.
9:47 of 2nd period - Icing by Fabian Lysell.
9:48 of 2nd period - Kent Johnson wins face-off versus Mark Jankowski in Tucson Roadrunners zone.
9:49 of 2nd period - Wrist shot by Logan O'Connor.
9:49 of 2nd period - Stopped by Elvis Merzlikins without a rebound.
9:50 of 2nd period - Kent Johnson wins face-off versus William Carrier in Tucson Roadrunners zone.
10:45 of 2nd period - Slapshot by Benjamin Jones.
10:45 of 2nd period - Stopped by Petr Mrazek with a rebound.
11:00 of 2nd period - Minor Penalty to Logan O'Connor for Hooking.
11:01 of 2nd period - Alex Belzile wins face-off versus Stefan Noesen in Tappara Tampere zone.
11:07 of 2nd period - Snap shot by Nicolas Petan.
11:07 of 2nd period - Shot Misses the Net.
11:09 of 2nd period - Snap shot by Logan Shaw.
11:09 of 2nd period - Shot Misses the Net.
11:11 of 2nd period - Slapshot by Logan Shaw.
11:11 of 2nd period - Goal by Logan Shaw - Tappara Tampere : 1 - Tucson Roadrunners : 1.
11:12 of 2nd period - Mark Jankowski wins face-off versus Andy Andreoff in neutral zone.
11:37 of 2nd period - Alex Belzile is hit by Logan O'Connor.
11:55 of 2nd period - Minor Penalty to Anders Bjork for Hooking.
11:56 of 2nd period - Alex Belzile wins face-off versus Logan O'Connor in Tappara Tampere zone.
12:11 of 2nd period - Slapshot by Alex Belzile.
12:11 of 2nd period - Shot Blocked by Alex Goligoski.
13:05 of 2nd period - Jan Rutta is hit by Mark Jankowski and loses puck.
13:40 of 2nd period - Johnathan Kovacevic is hit by Mattias Samuelsson and loses puck.
13:55 of 2nd period - Penalty to Anders Bjork is over, Anders Bjork is back on ice.
14:05 of 2nd period - Alex Goligoski is hit by Benjamin Jones and loses puck.
14:56 of 2nd period - Robert Hagg is hit by Rocco Grimaldi and loses puck.
15:18 of 2nd period - Icing by Andy Andreoff.
15:19 of 2nd period - Mark Jankowski wins face-off versus Andy Andreoff in Tappara Tampere zone.
15:20 of 2nd period - Snap shot by William Carrier.
15:20 of 2nd period - Stopped by Petr Mrazek with a rebound.
15:22 of 2nd period - Wrist shot by Mark Jankowski.
15:22 of 2nd period - Shot Misses the Net.
15:24 of 2nd period - Slapshot by Samuel Knazko.
15:24 of 2nd period - Shot Blocked by Mattias Samuelsson.
15:26 of 2nd period - Wrist shot by Samuel Knazko.
15:26 of 2nd period - Shot Blocked by Mattias Samuelsson.
15:38 of 2nd period - Anthony Richard is hit by Calvin De Haan and loses puck.
16:03 of 2nd period - Wrist shot by Kent Johnson.
16:03 of 2nd period - Deflect By Logan O'Connor.
16:03 of 2nd period - Goal by Logan O'Connor - Tappara Tampere : 2 - Tucson Roadrunners : 1.
16:04 of 2nd period - Matt Nieto wins face-off versus Andy Andreoff in neutral zone.
16:58 of 2nd period - Backhand shot by Walker Duehr.
16:58 of 2nd period - Shot Hit the Post.
17:31 of 2nd period - Snap shot by William Eklund.
17:31 of 2nd period - Shot Misses the Net.
17:33 of 2nd period - Wrist shot by Lukas Svejkovsky.
17:33 of 2nd period - Shot Blocked by Fabian Lysell.
17:35 of 2nd period - Snap shot by Lukas Svejkovsky.
17:35 of 2nd period - Stopped by Elvis Merzlikins without a rebound.
17:36 of 2nd period - Scott Reedy wins face-off versus Kent Johnson in Tucson Roadrunners zone.
18:01 of 2nd period - Samuel Knazko is hit by Kiefer Sherwood and loses puck.
18:08 of 2nd period - Snap shot by Rocco Grimaldi.
18:08 of 2nd period - Stopped by Elvis Merzlikins with a rebound.
18:54 of 2nd period - Slapshot by Anders Bjork.
18:54 of 2nd period - Shot Misses the Net.
18:56 of 2nd period - Snap shot by John Klingberg.
18:56 of 2nd period - Deflect By Anders Bjork.
18:56 of 2nd period - Shot Misses the Net.
18:56 of 2nd period - Puck is out of play.
18:57 of 2nd period - Andrew Poturalski wins face-off versus Mark Jankowski in Tucson Roadrunners zone.
Goals for this period are 2 for Tappara Tampere vs 1 for Tucson Roadrunners.
Shots for this period are 12 for Tappara Tampere vs 5 for Tucson Roadrunners.
3rd period
0:01 of 3rd period - Mark Jankowski wins face-off versus Andrew Poturalski in neutral zone.
0:06 of 3rd period - Snap shot by William Carrier.
0:06 of 3rd period - Stopped by Petr Mrazek without a rebound.
0:07 of 3rd period - Mark Jankowski wins face-off versus Andrew Poturalski in Tappara Tampere zone.
0:10 of 3rd period - Slapshot by William Carrier.
0:10 of 3rd period - Stopped by Petr Mrazek with a rebound.
0:12 of 3rd period - Slapshot by William Carrier.
0:12 of 3rd period - Stopped by Petr Mrazek without a rebound.
0:13 of 3rd period - Mark Jankowski wins face-off versus Andy Andreoff in Tappara Tampere zone.
0:14 of 3rd period - Slapshot by Matt Nieto.
0:14 of 3rd period - Stopped by Petr Mrazek with a rebound.
0:29 of 3rd period - Backhand shot by Andy Andreoff.
0:29 of 3rd period - Stopped by Elvis Merzlikins with a rebound.
0:39 of 3rd period - Kiefer Sherwood is hit by Alex Belzile and loses puck.
0:54 of 3rd period - Minor Penalty to Nick Seeler for Cross-checking.
0:55 of 3rd period - Kent Johnson wins face-off versus William Carrier in Tucson Roadrunners zone.
1:10 of 3rd period - Snap shot by Anders Bjork.
1:10 of 3rd period - Stopped by Elvis Merzlikins with a rebound.
1:20 of 3rd period - Mark Jankowski is hit by Andy Andreoff and loses puck.
2:54 of 3rd period - Penalty to Nick Seeler is over, Nick Seeler is back on ice.
3:04 of 3rd period - Mattias Samuelsson is hit by Benjamin Jones and loses puck.
3:13 of 3rd period - Slapshot by Benjamin Jones.
3:13 of 3rd period - Stopped by Petr Mrazek with a rebound.
3:15 of 3rd period - Slapshot by Ronan Seeley.
3:15 of 3rd period - Stopped by Petr Mrazek with a rebound.
3:25 of 3rd period - William Eklund is hit by Nick Seeler and loses puck.
4:25 of 3rd period - Wrist shot by Fabian Lysell.
4:25 of 3rd period - Shot Misses the Net.
5:03 of 3rd period - Andreas Englund is hit by Carson Soucy and loses puck.
5:26 of 3rd period - Mark Jankowski is hit by William Eklund and loses puck.
7:04 of 3rd period - Mattias Samuelsson is hit by Walker Duehr and loses puck.
7:15 of 3rd period - Johnathan Kovacevic is hit by Kent Johnson and loses puck.
7:24 of 3rd period - Snap shot by Anders Bjork.
7:24 of 3rd period - Shot Blocked by Johnathan Kovacevic.
7:36 of 3rd period - Fabian Lysell is hit by Rocco Grimaldi and loses puck.
7:41 of 3rd period - Wrist shot by Kiefer Sherwood.
7:41 of 3rd period - Shot Misses the Net.
7:43 of 3rd period - Snap shot by Rocco Grimaldi.
7:43 of 3rd period - Goal by Rocco Grimaldi - Tappara Tampere : 3 - Tucson Roadrunners : 1.
7:44 of 3rd period - Mark Jankowski wins face-off versus Kent Johnson in neutral zone.
7:46 of 3rd period - Minor Penalty to Robert Hagg for High sticking.
7:47 of 3rd period - Kent Johnson wins face-off versus William Carrier in Tucson Roadrunners zone.
8:20 of 3rd period - Snap shot by Stefan Noesen.
8:20 of 3rd period - Shot Misses the Net.
8:22 of 3rd period - Backhand shot by Mattias Janmark.
8:22 of 3rd period - Stopped by Elvis Merzlikins with a rebound.
8:54 of 3rd period - Johnathan Kovacevic is hit by Logan O'Connor and loses puck.
9:46 of 3rd period - Penalty to Robert Hagg is over, Robert Hagg is back on ice.
10:53 of 3rd period - William Eklund is hit by Samuel Knazko.
11:19 of 3rd period - Slapshot by Johnathan Kovacevic.
11:19 of 3rd period - Stopped by Petr Mrazek with a rebound.
11:48 of 3rd period - Wrist shot by Logan Shaw.
11:48 of 3rd period - Shot Blocked by Mattias Samuelsson.
11:50 of 3rd period - Wrist shot by Mark Jankowski.
11:50 of 3rd period - Goal by Mark Jankowski - Tappara Tampere : 3 - Tucson Roadrunners : 2.
11:51 of 3rd period - Mark Jankowski wins face-off versus Kent Johnson in neutral zone.
11:55 of 3rd period - Off-side.
11:56 of 3rd period - Mark Jankowski wins face-off versus Kent Johnson in neutral zone.
12:11 of 3rd period - Snap shot by Kent Johnson.
12:11 of 3rd period - Stopped by Elvis Merzlikins with a rebound.
12:50 of 3rd period - Snap shot by Logan Shaw.
12:50 of 3rd period - Shot Blocked by Andy Andreoff.
12:52 of 3rd period - Wrist shot by Logan Shaw.
12:52 of 3rd period - Shot Blocked by Mattias Janmark.
12:54 of 3rd period - Snap shot by Alex Belzile.
12:54 of 3rd period - Stopped by Petr Mrazek with a rebound.
12:56 of 3rd period - Wrist shot by Nicolas Petan.
12:56 of 3rd period - Stopped by Petr Mrazek without a rebound.
12:57 of 3rd period - Benjamin Jones wins face-off versus Anders Bjork in Tappara Tampere zone.
13:00 of 3rd period - Slapshot by Benjamin Jones.
13:00 of 3rd period - Shot Blocked by Andreas Englund.
13:02 of 3rd period - Snap shot by Benjamin Jones.
13:02 of 3rd period - Goal by Benjamin Jones - Tappara Tampere : 3 - Tucson Roadrunners : 3.
13:03 of 3rd period - Andy Andreoff wins face-off versus Mark Jankowski in neutral zone.
13:28 of 3rd period - Kent Johnson is hit by Logan Shaw and loses puck.
15:07 of 3rd period - Jan Rutta is hit by Nick Seeler and loses puck.
15:30 of 3rd period - Matt Nieto is hit by Phillip Di Giuseppe.
16:02 of 3rd period - Walker Duehr is hit by Andy Andreoff and loses puck.
16:59 of 3rd period - Wrist shot by Matt Nieto.
16:59 of 3rd period - Stopped by Petr Mrazek with a rebound.
17:11 of 3rd period - Logan Shaw is hit by Kent Johnson and loses puck.
17:28 of 3rd period - Snap shot by Benjamin Jones.
17:28 of 3rd period - Stopped by Petr Mrazek without a rebound.
17:29 of 3rd period - Andrew Poturalski wins face-off versus Benjamin Jones in Tappara Tampere zone.
17:29 of 3rd period - Andrew Poturalski is hit by Anthony Richard.
17:37 of 3rd period - Slapshot by Alex Goligoski.
17:37 of 3rd period - Stopped by Elvis Merzlikins with a rebound.
17:39 of 3rd period - Slapshot by Alex Goligoski.
17:39 of 3rd period - Shot Blocked by Anthony Richard.
17:41 of 3rd period - Slapshot by Alex Goligoski.
17:41 of 3rd period - Shot Misses the Net.
17:43 of 3rd period - Wrist shot by Rocco Grimaldi.
17:43 of 3rd period - Shot Misses the Net.
17:45 of 3rd period - Wrist shot by Rocco Grimaldi.
17:45 of 3rd period - Stopped by Elvis Merzlikins with a rebound.
18:18 of 3rd period - Robert Hagg is hit by Andreas Englund.
18:21 of 3rd period - Minor Penalty to Johnathan Kovacevic for Holding.
18:22 of 3rd period - Mark Jankowski wins face-off versus Kent Johnson in Tucson Roadrunners zone.
19:10 of 3rd period - Snap shot by Matt Nieto.
19:10 of 3rd period - Deflect By William Carrier.
19:10 of 3rd period - Stopped by Petr Mrazek without a rebound.
19:11 of 3rd period - William Carrier wins face-off versus Logan O'Connor in Tappara Tampere zone.
19:18 of 3rd period - Backhand shot by Matt Nieto.
19:18 of 3rd period - Shot Misses the Net.
Goals for this period are 1 for Tappara Tampere vs 2 for Tucson Roadrunners.
Shots for this period are 7 for Tappara Tampere vs 14 for Tucson Roadrunners.
Overtime #1
0:01 of 1st overtime period - William Carrier wins face-off versus Stefan Noesen in neutral zone.
0:21 of 1st overtime period - Penalty to Johnathan Kovacevic is over, Johnathan Kovacevic is back on ice.
0:22 of 1st overtime period - Icing by Samuel Knazko.
0:23 of 1st overtime period - Logan O'Connor wins face-off versus Matt Nieto in Tucson Roadrunners zone.
0:26 of 1st overtime period - Snap shot by Logan O'Connor.
0:26 of 1st overtime period - Shot Misses the Net.
0:33 of 1st overtime period - Off-side.
0:34 of 1st overtime period - William Carrier wins face-off versus Logan O'Connor in neutral zone.
0:37 of 1st overtime period - Snap shot by Matt Nieto.
0:37 of 1st overtime period - Shot Blocked by Mattias Samuelsson.
0:39 of 1st overtime period - Slapshot by Robert Hagg.
0:39 of 1st overtime period - Shot Blocked by Mattias Samuelsson.
0:41 of 1st overtime period - Slapshot by Nick Seeler.
0:41 of 1st overtime period - Stopped by Petr Mrazek without a rebound.
0:42 of 1st overtime period - William Carrier wins face-off versus Logan O'Connor in Tappara Tampere zone.
0:55 of 1st overtime period - Wrist shot by Matt Nieto.
0:55 of 1st overtime period - Shot Misses the Net.
0:57 of 1st overtime period - Wrist shot by Nick Seeler.
0:57 of 1st overtime period - Shot Blocked by Alex Goligoski.
1:09 of 1st overtime period - Wrist shot by Stefan Noesen.
1:09 of 1st overtime period - Goal by Stefan Noesen - Tappara Tampere : 4 - Tucson Roadrunners : 3.
Goals for this period are 1 for Tappara Tampere vs 0 for Tucson Roadrunners.
Shots for this period are 1 for Tappara Tampere vs 1 for Tucson Roadrunners.
Back to the Top